 Dungeon Crawl Stone Soup version 0.21-a0-84-g85d6d27 (webtiles) character file.

6 Lianjan the Ruffian (level 1, -1/16 HPs)
             Began as a Draconian Transmuter on June 25, 2017.
             Slain by a leopard gecko (2 damage)
             ... on level 1 of the Dungeon.
             The game lasted 00:03:09 (172 turns).

Lianjan the Ruffian (Draconian Transmuter)           Turns: 172, Time: 00:03:10

Health: -1/16      AC:  4    Str: 12    XL:     1   Next: 75%
Magic:  1/3        EV: 12    Int: 13    God:
Gold:   21         SH:  0    Dex: 11    Spells: 3/4 levels left

rFire    . . .     SeeInvis .     - Unarmed
rCold    . . .     Gourm    .   (no shield)
rNeg     . . .     Faith    .   (armour unavailable)
rPois    .         Spirit   .   (helmet restricted)
rElec    .         Reflect  .   (no cloak)
rCorr    .         Harm     .   (no gloves)
MR       .....                  (no boots)
Stlth    +.........             (no amulet)
HPRegen  0.05/turn              (no ring)
MPRegen  0.08/turn              (no ring)

@: appendage (expiring), very slightly contaminated
A: unfitting armour, horns 2, cold-blooded, AC +4
a: End Transformation


You were on level 1 of the Dungeon.
You were not hungry.
You had grown temporary horns.
You visited 1 branch of the dungeon, and saw 1 of its levels.

You collected 21 gold pieces.

Inventory:

Missiles
 a - 12 arrows
 i - 2 stones (quivered)
Jewellery
 f - an uncursed ring of see invisible {unknown}
Scrolls
 d - 3 scrolls of amnesia {unknown}
Potions
 e - 2 potions of agility {unknown}
 h - 2 potions of ambrosia {unknown}
 j - a potion of flight {unknown}
 k - a potion of degeneration {unknown}
Books
 b - a book of Changes

   Spells                             Type                      Level
   a - Beastly Appendage              Transmutation                1
   b - Sticks to Snakes               Transmutation                2
   c - Spider Form                    Transmutation/Poison         3
   d - Ice Form                       Ice/Transmutation            4
   e - Blade Hands                    Transmutation                5
Comestibles
 c - a bread ration
 g - 4 chunks of flesh


   Skills:
 - Level 1.1 Fighting
 - Level 1.7 Dodging
 + Level 3.4 Unarmed Combat
 - Level 2.0 Spellcasting
 - Level 2.0 Transmutations


You had 3 spell levels left.
You knew the following spells:

 Your Spells              Type           Power        Failure   Level  Hunger
a - Beastly Appendage     Tmut           #.....       11%         1    ##.....


Dungeon Overview and Level Annotations

Branches:
Dungeon (1/15)

Altars:


Innate Abilities, Weirdness & Mutations

Your plain brown scales are hard. (AC +4)
You cannot fit into any form of body armour.
You are cold-blooded and may be slowed by cold attacks.
You have a pair of horns on your head.


Message History

Confirm with . or Enter, or press ? or * to list all spells.
You miscast Beastly Appendage.
You are very lightly contaminated with residual magic.
Nothing appears to happen.
The kobold shouts!
The leopard gecko bites you.
You barely miss the leopard gecko. The leopard gecko bites you.
Casting: Beastly Appendage
Confirm with . or Enter, or press ? or * to list all spells.
You grow a pair of large bovine horns.
The leopard gecko closely misses you. The leopard gecko barely misses you.
The leopard gecko bites you but does no damage.
You closely miss the leopard gecko.
Your tail-slap misses the leopard gecko.
Your transformation is almost over.
The leopard gecko bites you. The kobold hits you with a short sword.
* * * LOW HITPOINT WARNING * * *
A bat comes into view.
The leopard gecko bites you.
You die...

..............########
..............#
.....#####+#'######
....................
.###.#####...#######
.###..####...#
...)....##..######
........##.......#
........###.####@#####
........# #.####lK...#
####...## #.#....(...#
.....#.# #.#........#
.....#)# #.#.....####
.....#.## #........
.....#..# #.#####...
#######.###.#####...
#..............


You could see a leopard gecko and a kobold.

Vanquished Creatures
  A dart slug (D:1)
  A hobgoblin (D:1)
  2 kobolds (D:1)
  A rat (D:1)
5 creatures vanquished.

Notes
Turn   | Place    | Note
-------+----------+-------------------------------------------
     0 | D:1      | Lianjan the Draconian Transmuter began the quest for the Orb.
     0 | D:1      | Reached XP level 1. HP: 16/16 MP: 3/3
   172 | D:1      | Slain by a leopard gecko

Vault maps used:
D:1:      nicolae_arrival_memento_mori, minmay_misc_feat_doors,
          corexii_corridor_pit

Action                   || total
-------------------------++-------
Melee: Unarmed           ||    18
       Kick              ||     1
       Headbutt          ||     1
       Tailslap          ||     1
 Cast: Beastly Appendage ||     6
Armor: Skin              ||     3
Dodge: Dodged            ||    12
